 Dungeon Crawl Stone Soup version 0.31.0-11-ge490571c62 (webtiles) character file.

Game seed: 15028087377683584663

905 browni3141 the Chopper (level 7, -3/62 HPs)
             Began as a Minotaur Fighter on Jan 27, 2024.
             Slain by an orc warrior
             ... wielding a +0 glaive
              (17 damage)
             ... on level 5 of the Dungeon.
             The game lasted 00:02:31 (2942 turns).

browni3141 the Chopper (Minotaur Fighter)           Turns: 2942, Time: 00:02:32

Health: -3/62      AC:  7    Str: 23    XL:     7   Next: 80%
Magic:  6/6        EV:  9    Int:  5    God:
Gold:   129        SH:  5    Dex:  9    Spells: 6/6 levels left

rFire   . . .        a - +0 war axe
rCold   . . .        c - +0 buckler
rNeg    . . .        b - +0 scale mail
rPois   .            (helmet restricted)
rElec   .            (no cloak)
rCorr   .            (no gloves)
SInv    .            (no boots)
Will    .....        k - amulet of magic regeneration Stlth
                     (no ring)
HPRegen 0.30/turn    (no ring)
MPRegen 0.50/turn

%: no passive effects
@: no status effects
A: horns 2, retaliatory headbutt, persistent drain
a: no special abilities


You were on level 5 of the Dungeon.
You visited 1 branch of the dungeon, and saw 5 of its levels.
You also visited: Sewer.

You collected 171 gold pieces.
You spent 42 gold pieces at shops.

Inventory:

Hand Weapons
 a - a +0 war axe (weapon)
Missiles
 l - 6 boomerangs (quivered)
Armour
 b - a +0 scale mail (worn)
 c - a +0 buckler (worn)
Jewellery
 k - an amulet of magic regeneration (around neck)
Wands
 d - a wand of polymorph (8)
 o - a wand of digging (9)
 u - a wand of mindburst (7)
Scrolls
 e - 3 scrolls of poison {unknown}
 f - a scroll of silence {unknown}
 i - a scroll of fear {unknown}
 p - a scroll of teleportation
 r - a scroll of noise {unknown}
 t - a scroll of torment {unknown}
 v - a scroll of identify {unknown}
Potions
 g - 3 potions of brilliance
 h - a potion of mutation
 j - a potion of resistance
 n - a potion of attraction {unknown}
 q - a potion of heal wounds {unknown}
 s - a potion of degeneration {unknown}
 w - a potion of lignification {unknown}
 x - a potion of berserk rage {unknown}


   Skills:
 + Level 5.9 Fighting
 * Level 7.2 Axes
 + Level 5.9 Armour
 + Level 5.9 Shields


You had 6 spell levels left.
You didn't know any spells.
Your spell library was empty.

Dungeon Overview and Level Annotations

Branches:
Dungeon (5/15)              Sewer (visited)
 Temple: D:4-7

Altars:
Uskayaw
The Shining One

Shops:
D:3 *(*


Innate Abilities, Weirdness & Mutations

You have a pair of horns on your head.
You reflexively headbutt those who attack you in melee.
Your health recovers twice as slowly from being drained.


Message History

You closely miss the water moccasin.
You headbutt the water moccasin, but do no damage.
The water moccasin bites you! You block the water moccasin's attack.
You hit the water moccasin.
Your headbutt misses the water moccasin.
The water moccasin is lightly wounded.
The water moccasin bites you.
You slash the water moccasin!
Your headbutt misses the water moccasin.
The water moccasin is moderately wounded.
The water moccasin bites you. x2
You closely miss the water moccasin. You headbutt the water moccasin.
The water moccasin is heavily wounded.
The water moccasin bites you but does no damage.
The water moccasin closely misses you.
You completely miss the water moccasin.
The water moccasin is heavily wounded.
You block the water moccasin's attack.
You miss the water moccasin.
The water moccasin is heavily wounded.
The water moccasin closely misses you. You block the water moccasin's attack.
You closely miss the water moccasin.
The water moccasin is heavily wounded.
The water moccasin bites you. x2
You are poisoned.
The water moccasin poisons you!
You slash the water moccasin!
The water moccasin is almost dead.
You feel very sick. The water moccasin bites you.
You are lethally poisoned!
The water moccasin poisons you! The water moccasin barely misses you.
You slash the water moccasin!
You kill the water moccasin!
You feel extremely sick.
Your Axes skill increases to level 7!
There is a lethal amount of poison in your body!
It was a potion of brilliance.
You feel clever all of a sudden.
You feel very sick.
It was a potion of mutation.
You feel extremely strange.
You begin to recover more slowly from draining effects.
You feel very sick.
It was a potion of resistance.
You feel protected.
You feel very sick.
It was a potion of curing.
You feel better.
You start to feel less resistant.
Your resistance to elements expires.
You feel a little less clever now.
A sleepcap is nearby!
A sleepcap is nearby!
A sleepcap is nearby!
A sleepcap is nearby!
You hit the sleepcap.
You headbutt the sleepcap, but do no damage.
The sleepcap is lightly damaged.
The sleepcap releases spores at you but does no damage.
The sleepcap releases spores at you!
You are engulfed in a cloud of soporific spores!
You fall asleep.
The sleepcap releases spores at you!
You wake up.
You slash the sleepcap!
The sleepcap is heavily damaged.
The sleepcap releases spores at you but does no damage.
You hit the sleepcap.
The sleepcap is heavily damaged.
The sleepcap releases spores at you but does no damage.
You hit the sleepcap.
The sleepcap is heavily damaged.
The sleepcap closely misses you.
You slash the sleepcap! You headbutt the sleepcap.
You destroy the sleepcap!
A scorpion comes into view.
There are monsters nearby!
There are monsters nearby!
There are monsters nearby!
The orc warrior shouts!
You hit the scorpion but do no damage. The scorpion stings you.
A dart slug comes into view.
You closely miss the scorpion. The scorpion stings you.
The scorpion barely misses you.
You hit the scorpion.
The scorpion is lightly wounded.
The scorpion stings you. The orc warrior completely misses you.
You barely miss the scorpion. Your headbutt misses the scorpion.
The scorpion is lightly wounded.
You block the scorpion's attack. The scorpion barely misses you.
You block the orc warrior's attack. The scorpion attacks as it pursues you!
The scorpion stings you but does no damage.
The orc warrior hits you with a +0 glaive!
You slash the scorpion!
You headbutt the scorpion, but do no damage.
The scorpion is heavily wounded.
You hit the orc warrior. The scorpion barely misses you.
You furiously retaliate!
You headbutt the scorpion!
You kill the scorpion!
The orc warrior hits you with a +0 glaive!
You die...

...............
................
................
.............
............
#.......##
##wo.....#.. .#
####..@.......#
..
#........##...
#.
#..............
..
##.......###.##
# #.......#
###.......#
#..?......# ..
##<.......# ...
##..........


You could see an orc warrior and a dart slug.

Vanquished Creatures
  Menkaure (D:4)
  Edmund (D:4)
  A water moccasin (D:5)
  A black bear (D:4)
  An ogre (D:4)
  A scorpion (D:5)
  A hound (D:5)
  A bombardier beetle (D:4)
  2 jellies (Sewer)
  A sleepcap (D:5)
  An iguana (D:5)
  Robin (D:4)
  4 gnolls (D:4)
  7 adders
  4 ufetubi (D:4)
  A ribbon worm (D:4)
  A dart slug (D:3)
  An orc (D:3)
  17 endoplasms
  3 giant cockroaches
  11 hobgoblins
  2 quokkas
  10 ball pythons
  4 bats
  2 frilled lizards
  11 goblins
  5 kobolds
  7 rats
103 creatures vanquished.

Notes
Turn   | Place    | Note
-------+----------+-------------------------------------------
     0 | D:1      | browni3141 the Minotaur Fighter began the quest for the
                  | Orb.
     0 | D:1      | Reached XP level 1. HP: 19/19 MP: 0/0
   424 | D:2      | Reached XP level 2. HP: 22/27 MP: 1/1
   497 | D:2      | Reached skill level 3 in Axes
   571 | D:3      | Found a glowing drain.
   576 | Sewer    | Entered a sewer
   615 | Sewer    | Reached XP level 3. HP: 33/33 MP: 2/2
   700 | Sewer    | Found a viscous altar of Jiyva.
   753 | Sewer    | Reached skill level 4 in Axes
   753 | Sewer    | Reached XP level 4. HP: 30/40 MP: 3/3
  1027 | D:3      | Found Rongoyx's Assorted Antiques.
  1033 | D:3      | Found a glowing golden altar of the Shining One.
  1060 | D:3      | Reached XP level 5. HP: 39/47 MP: 4/4
  1244 | D:3      | Found Jiuck's General Store.
  1249 | D:3      | Bought a scroll of teleportation for 42 gold pieces
  1469 | D:3      | Found Olupiqam's Antique Weapon Shoppe.
  1491 | D:4      | Reached skill level 5 in Axes
  1654 | D:4      | Noticed a black bear
  1655 | D:4      | Found a hide-covered altar of Uskayaw.
  1661 | D:4      | Killed a black bear
  1662 | D:4      | Reached skill level 5 in Fighting
  1662 | D:4      | Reached skill level 5 in Armour
  1662 | D:4      | Reached skill level 5 in Shields
  1662 | D:4      | Reached XP level 6. HP: 46/56 MP: 5/5
  1819 | D:4      | Noticed Robin
  1823 | D:4      | Noticed Menkaure
  1832 | D:4      | Killed Menkaure
  1833 | D:4      | Reached skill level 6 in Axes
  1834 | D:4      | Killed Robin
  2011 | D:4      | Reached XP level 7. HP: 46/61 MP: 6/6
  2135 | D:4      | Noticed Edmund
  2158 | D:4      | HP: 2/61 [Edmund/+7 dire flail of holy wrath (16)]
  2159 | D:4      | Killed Edmund
  2634 | D:5      | Entered Level 5 of the Dungeon
  2656 | D:5      | Noticed a yak
  2811 | D:5      | Reached skill level 7 in Axes
  2812 | D:5      | Gained mutation: Your health recovers twice as slowly from
                  | being drained. [potion of mutation]
  2942 | D:5      | Slain by an orc warrior

Illustrated notes

Levels and vault maps discovered:
D:1:      zelgadis_glass_arrival_small, layout_loops_corners,
          minmay_misc_feat_tiny
D:2:      layout_loops_ring, ebering_ecumenical_altar_mist, st_stairs_12,
          uniq_crazy_yiuf_cottage
D:3:      layout_loops_ring, mainiacjoe_overflow_concentric_impassable,
          serial_glass, glass_columns_a, glass_columns_a, serial_shops,
          nicolae_shop_tiny_real_fake_doors, shop_fountains, shop,
          gup_sewer_entry_bowl, lexackson_kobold_supper
D:4:      layout_gridville, eat_drink_and_be_merry_uskayaw, uniq_edmund,
          uniq_robin, uniq_menkaure
D:5:      kennysheep_big_flooded_room, layout_cave_pools, uniq_blork_the_orc

Skill      XL: |  1  2  3  4  5  6  7 |
---------------+----------------------+-----
Axes           | 3 4 5 6 7 |  7.2
Fighting       | 4 5 |  5.9
Armour         | 4 5 |  5.9
Shields        | 4 5 |  5.9

Action                     |  1- 3 |  4- 6 |  7- 9 || total
---------------------------+-------+-------+-------++-------
  Melee: War axe           |    69 |    90 |    41 ||   200
         Headbutt          |    10 |    13 |    10 ||    33
         Unarmed           |       |       |    17 ||    17
  Throw: Boomerang         |       |       |     1 ||     1
  Evoke: Wand              |       |       |     1 ||     1
    Use: Potion            |       |     1 |     4 ||     5
 Armour: Scale mail        |    46 |   106 |    41 ||   193
         Skin              |       |       |     7 ||     7
  Dodge: Dodged            |    40 |    49 |    27 ||   116
  Block: Buckler           |    22 |    30 |    11 ||    63
